 Dungeon Crawl Stone Soup version 0.16.1-4-g8e1b745 (webtiles) character file.

895871 Tolias the Slayer (level 27, -12/243 (244) HPs)
             Began as an Ogre Summoner on Mar 26, 2015.
             Was the Champion of the Shining One.
             Killed from afar by Cerebov (62 damage)
             ... with a great blast of fire
             ... in Pandemonium.
             The game lasted 04:14:32 (96223 turns).

Tolias the Slayer (Ogre Summoner)                  Turns: 96223, Time: 04:14:32

HP:   -12/243 (244) AC: 31    Str: 28    XL:     27
MP:   26/36         EV: 22    Int: 19    God:    the Shining One [******]
Gold: 3703          SH:  0    Dex: 21    Spells: 9 memorised, 8 levels left

rFire  + . .     SeeInvis +     a - +9 giant spiked club (holy)
rCold  + . .     Clarity  .     d - +10 pearl dragon armour
rNeg   + + +     SustAb   .     (shield restricted)
rPois  .         Gourm    .     t - +0 mask of the Dragon {MR+ Slay+3 SInv}
rElec  +         Spirit   .     H - +2 cloak {MR+}
rCorr  .         Warding  .     (gloves unavailable)
rMut   .         Stasis   .     (boots unavailable)
MR     +++++                    k - amulet "Plaemigg" {+Rage rF+ MR+ Int+8}
Stlth  ..........               j - ring "Vaow Yni" {Contam rC+ Str+4 Int-2 Dex+5 Stlth-}
                                u - ring "Sosa" {Wiz Str+3}

@: lethally poisoned (-12 -> -38), very slightly contaminated, hasted, glowing,
deflect missiles, very quick, almost entirely resistant to hostile enchantments,
extremely unstealthy
A: unfitting armour, iridescent scales 1, clumsy 1, deformed body, dopey 1,
frail 2, low mp 1, screaming 1, electricity resistance, tough skin 1, MP-powered
wands 2
a: Divine Shield, Cleansing Flame, Summon Divine Warrior, Renounce Religion,
Evoke Berserk Rage
}: 10/15 runes: barnacled, slimy, silver, golden, iron, bone, demonic, glowing,
fiery, gossamer


You were in Pandemonium.
You worshipped the Shining One.
The Shining One was exalted by your worship.
You were near starving.

You visited 15 branches of the dungeon, and saw 78 of its levels.
You visited Pandemonium 1 time, and saw 23 of its levels.
You visited 1 bazaar.
You also visited: Volcano.

You collected 12207 gold pieces.
You spent 8504 gold pieces at shops.

Inventory:

Hand weapons
 a - a +9 giant spiked club of holy wrath (weapon)
Missiles
 o - 91 large rocks (quivered)
 G - 6 throwing nets {=f}
 K - 26 javelins
Armour
 d - a +10 pearl dragon armour (worn)
 t - the +0 mask of the Dragon (worn) {MR+ Slay+3 SInv}
   (You found it on level 3 of the Tomb of the Ancients)

   It affects your accuracy and damage with ranged weapons and melee attacks
   (+3).
   It affects your resistance to hostile enchantments.
   It enhances your eyesight.
 H - a +2 cloak of magic resistance (worn)
Rods
 x - a +4 rod of inaccuracy (10/10) {!a}
   (You took it off a deep elf demonologist on level 3 of the Elven Halls)
 z - a +1 rod of inaccuracy (10/10) {!a}
   (You took it off a deep elf high priest on level 5 of the Depths)
Jewellery
 f - an uncursed ring of teleportation
 j - the ring "Vaow Yni" (right hand) {Contam rC+ Str+4 Int-2 Dex+5 Stlth-}
   (You took it off a spriggan berserker on level 2 of the Depths)

   [ring of loudness]

   It affects your strength (+4).
   It affects your intelligence (-2).
   It affects your dexterity (+5).
   It protects you from cold.
   It causes magical contamination when unequipped.
   It makes you less stealthy.
 k - an amulet "Plaemigg" (around neck) {+Rage rF+ MR+ Int+8}
   (You found it on level 3 of the Tomb of the Ancients)

   [amulet of rage]

   It affects your intelligence (+8).
   It protects you from fire.
   It affects your resistance to hostile enchantments.
   It lets you go berserk.
 u - the ring "Sosa" (left hand) {Wiz Str+3}
   (You acquired it in Pandemonium)

   [ring of wizardry]

   It improves your spell success rate.
   It affects your strength (+3).
 A - a +3 ring of evasion
 T - an uncursed ring of protection from fire
 U - the ring of Opetulau {Ice Str-2 Slay+5}
   (You found it on level 14 of the Dungeon)

   [ring of ice]

   It enhances your ice magic, and weakens your fire magic.
   It affects your strength (-2).
   It affects your accuracy and damage with ranged weapons and melee attacks
   (+5).
   It makes you vulnerable to fire.
   It protects you from cold.
 Y - an uncursed ring of poison resistance
Magical devices
 s - a wand of digging (5)
 Q - a wand of teleportation (2)
 R - a wand of disintegration (6)
 Z - a wand of heal wounds (5)
Scrolls
 e - 21 scrolls of remove curse
 m - 9 scrolls of fear
 q - 16 scrolls of recharging
 w - 4 scrolls of blinking
 J - 9 scrolls of fog
 P - 2 scrolls of magic mapping
 S - 2 scrolls of holy word
 V - 20 scrolls of identify
 W - 2 scrolls of silence
Potions
 b - 3 potions of cure mutation
 g - a potion of haste
 i - 4 potions of resistance
 p - 10 potions of agility
 y - 7 potions of curing
 B - 7 potions of might
 D - 6 potions of brilliance
 E - 4 potions of restore abilities
 I - 4 potions of magic
 L - 5 potions of cancellation
 M - 3 potions of heal wounds
Miscellaneous
 h - a sack of spiders {used: 1}
 l - a phantom mirror
 n - a phial of floods
 v - a stone of tremors
 C - a fan of gales
 F - a lamp of fire
 N - a sack of spiders
Comestibles
 c - 19 meat rations
 r - 23 bread rations


   Skills:
 - Level 23.4 Fighting
 - Level 22.0 Maces & Flails
 + Level 19.1 Throwing
 - Level 16.1 Armour
 - Level 17.2 Dodging
 - Level 1.5 Stealth
 - Level 8.3 Spellcasting
 - Level 16.1 Charms
 - Level 2.9 Summonings
 + Level 14.4 Translocations
 - Level 11.1 Air Magic
 - Level 17.1 Invocations
 - Level 13.1 Evocations


You had 8 spell levels left.
You knew the following spells:

 Your Spells              Type           Power        Failure   Level  Hunger
a - Apportation           Tloc           ######....   1%          1    None
e - Summon Small Mammal   Summ           ###.         2%          1    None
h - Haste                 Chrm           ######..     1%          6    ######.
r - Call Canine Familiar  Summ           ###.....     7%          3    None
t - Spectral Weapon       Hex/Chrm       #####...     1%          3    None
u - Controlled Blink      Tloc           N/A          16%         7    #######
v - Deflect Missiles      Chrm/Air       ######....   4%          6    ######.
w - Control Teleport      Chrm/Tloc      ######....   1%          4    ###....
z - Flight                Chrm/Air       ######....   1%          3    None


Dungeon Overview and Level Annotations

Branches:
Dungeon (15/15)            Temple (1/1) D:5            Lair (8/8) D:10
 Shoals (5/5) Lair:6       Spider (5/5) Lair:3        Slime (6/6) Lair:7
    Orc (4/4) D:10            Elf (3/3) Orc:4        Vaults (5/5) D:14
  Crypt (3/3) Vaults:3       Tomb (3/3) Crypt:3      Depths (5/5) D:15
   Hell (1/1)                 Dis (7/7) Hell            Tar (7/7) Hell
    Zot (0/5) Depths:5
    Geh: Hell:1         Coc: Hell:1

Altars:
Ashenzari
Cheibriados
Dithmenos
Elyvilon
Fedhas
Gozag
Kikubaaqudgha
Makhleb
Nemelex Xobeh
Okawaru
Qazlal
Ru
Sif Muna
Trog
Vehumet
Xom
Yredelemnul
Zin
The Shining One

Shops:
D:5 ?   D:11 [   Orc:1 [   Orc:4 (:*[:   Elf:2 (   Elf:3 *   Shoals:2 *
Shoals:5 }   Vaults:2 [   Vaults:3 ([[   Vaults:4 %   Vaults:5 !!?   Depths:2 *
Depths:3 %(

Portals:
Hell: Depths:1 Depths:2 Depths:3 Depths:4 Depths:5
Abyss: Depths:4
Pandemonium: Depths:2 Depths:3
Ziggurat: Depths:5

Annotations:
D:1 exclusion: downstairs
D:2 Sigmund
Orc:4 1 exclusion
Elf:2 3 runed doors
Pan Cerebov


Innate Abilities, Weirdness & Mutations

You are too large for most types of armour.
You have tough skin (AC +1).
You are partially covered in iridescent scales (AC +4).
You are clumsy. (Dex -2)
Armour fits poorly on your strangely shaped body.
You are dopey. (Int -2)
You are very frail (-20% HP).
Your magical capacity is low (-10% MP).
You occasionally shout uncontrollably at your foes.
You are resistant to electric shocks.
You expend magic power (6 MP) to strengthen your wands.


Message History

Read which item? (? for menu, Esc to quit)
Blink to where?
Press: ? - help, Dir - move target cursor
As you read the scroll of blinking, it crumbles to dust.
You feel sick.
Drink which item? (? for menu, Esc to quit)
Okay, then.
Unknown command.
Read which item? (? for menu, Esc to quit)
Blink to where?
Press: ? - help, Dir - move target cursor
As you read the scroll of blinking, it crumbles to dust. 2 sun demons and Cerebov come into view.
You feel very sick.
Cerebov shouts, "Embrace thy dedition, thou canting moon-mazed vulture!"
The sun demon shouts!
Cerebov gestures at you.
A raging storm of fire appears!
The great blast of fire engulfs you! You partially resist.
You die...

..........3.................
######+###..########'#######
. #..'............... ..3
#..#...............
.....#..#...............
...#..#...............
.&..#...............
#..#...............
#.@################
................§........
........................
####..#######........... #..
#....#'####' #..
#...##..*... #. #...'.#..&1#
#. #...#..#§'#.
.....#..'∩.'.


You could see Cerebov and 2 sun demons.

Vanquished Creatures
  the royal jelly (Slime:6)
  Dissolution (Slime:4)
  Ereshkigal (Tar:7)
  Mnoleg (Pan)
  Dispater (Dis:7)
  3 ancient liches
  13 greater mummies
  Boris (Vaults:4)
  2 caustic shrikes (Depths:2)
  3 pandemonium lords (Pan)
  Mara (Spider:5)
  4 Killer Klowns (Pan)
  Geryon (Hell)
  4 golden dragons (Vaults:5)
  A profane servitor (Crypt:3)
  Frederick (Tomb:1)
  2 bone dragons
  the Enchantress (Depths:3)
  6 Brimstone Fiends
  Nikola (Shoals:4)
  10 tentacled monstrosities
  3 liches
  6 Ice Fiends
  6 Hell Sentinels
  2 deep elf blademasters (Elf:3)
  13 Shadow Fiends
  5 titans
  A deep elf master archer (Elf:3)
  Polyphemus (Shoals:3)
  12 sphinxes
  9 Executioners
  5 tengu reavers
  A kraken (Shoals:3)
  Rupert (Spider:1)
  Agnes (Spider:5)
  11 ancient champions
  14 acid blobs
  Kirke (Shoals:3)
  A storm dragon (Depths:5)
  7 azure jellies
  Frances (Elf:1)
  3 shadow dragons
  Ilsuiw (Shoals:5)
  3 revenants
  Donald (Shoals:3)
  A greater naga (Pan)
  Maud (Lair:5)
  7 iron dragons
  2 ghost moths (Spider:5)
  7 fire giants
  11 frost giants
  22 cacodemons
  20 vault wardens
  2 orc warlords (Orc:4)
  A warmonger (Pan)
  14 deep elf sorcerers
  3 emperor scorpions
  An angel (Pan)
  13 balrugs
  15 very ugly things
  Gastronok (D:9)
  A ghoul (Crypt:3)
  20 ironheart preservers
  4 war gargoyles
  Jorgrun (Shoals:3)
  4 spriggan defenders (Depths:3)
  21 reapers
  3 draconian shifters (Depths:5)
  6 bennus
  28 stone giants
  A green draconian (Depths:5)
  2 lorocyprocas (Pan)
  6 blood saints (Pan)
  2 corrupters (Pan)
  5 dire elephants
  14 deep elf demonologists
  2 white draconians (Depths:5)
  13 deep elf annihilators
  18 blizzard demons
  A chaos champion (Pan)
  2 black suns (Pan)
  A pale draconian (Depths:5)
  2 vampire knights
  2 unborn
  3 minotaurs
  6 merfolk javelineers
  Snorg (Shoals:3)
  11 ettins
  A quicksilver dragon zombie (Dis:4)
  9 deep elf death magi
  13 jiangshi
  3 eidola
  3 death oozes (Slime:6)
  9 fire dragons
  8 green deaths
  14 mummy priests
  9 merfolk impalers
  A spectral quicksilver dragon (Tomb:3)
  14 great orbs of eyes
  20 yaktaur captains
  30 vault guards
  Josephine (Orc:2)
  6 deep elf high priests
  3 death cobs (Crypt:3)
  10 ice dragons
  8 hydras
  2 monstrous demonspawn (Pan)
  8 rakshasas
  3 catoblepae
  6 deep troll earth magi
  14 centaur warriors
  5 merfolk avatars
  Erica (Lair:5)
  An alligator (shapeshifter) (Depths:4)
  A spectral frost giant (Crypt:3)
  22 death yaks
  4 spriggan air magi
  17 ogre magi
  4 deep troll shamans
  A satyr (Shoals:5)
  5 merfolk aquamancers
  3 death knights (Crypt:3)
  4 dancing weapons
  A spectral stone giant (Tomb:2)
  3 hell beasts (Pan)
  5 orc high priests
  2 tengu warriors
  12 soul eaters
  A titan zombie (Dis:1)
  12 spriggan berserkers
  A vampire mage (Depths:3)
  35 large abominations
  26 sun demons
  2 iron golems (Hell)
  Nergalle (D:11)
  2 storm dragon zombies
  42 skeletal warriors
  A titan skeleton (Tomb:1)
  15 iron trolls
  19 deep elf knights
  A fire crab (Vaults:1)
  An unseen horror (shapeshifter) (Depths:1)
  11 ice devils
  A quicksilver dragon simulacrum (Crypt:3)
  4 shadow wraiths
  2 spectral anacondas (Tomb:2)
  2 anaconda zombies (Dis:7)
  12 hell knights
  A golden dragon zombie (Depths:4)
  7 giant orange brains
  4 unseen horrors
  A death drake (Tar:5)
  5 gelid demonspawn (Pan)
  16 death scarabs
  A lindwurm (Lair:7)
  20 deep trolls
  14 shadow demons
  10 sea snakes
  3 torturous demonspawn (Pan)
  2 ice statues
  2 shadow dragon zombies
  16 deep elf summoners
  An obsidian statue (Depths:1)
  3 infernal demonspawn (Pan)
  21 anubis guards
  A spectral hydra (Crypt:3)
  A harpy (shapeshifter) (Vaults:1)
  12 flayed ghosts
  2 wolf spider zombies
  A wizard (Vaults:3)
  14 orc knights
  2 sphinx zombies (Depths:4)
  An oklob plant (Lair:6)
  9 putrid demonspawn (Pan)
  25 deep elf conjurers
  9 harpies
  10 hill giants
  A mana viper (shapeshifter) (Depths:4)
  5 cyclopes
  11 ironbrand convokers
  2 iron dragon zombies (Dis:7)
  16 manticores
  12 fauns
  6 orc sorcerers (Orc:4)
  A sphinx skeleton (Depths:2)
  3 black mambas
  14 orb spiders
  A shadow dragon skeleton (Tar:6)
  15 phantasmal warriors
  38 ugly things
  30 wolf spiders
  10 necromancers
  A draconian (shapeshifter) (Vaults:5)
  5 fire giant zombies
  4 shining eyes
  A frost giant zombie (Dis:7)
  14 griffons
  3 moths of wrath
  29 sixfirhies (Pan)
  A spectral ice dragon (Tomb:2)
  An iron dragon skeleton (Tomb:1)
  7 elephants
  19 rust devils
  A moth of wrath (shapeshifter) (Vaults:5)
  A faun (shapeshifter) (Vaults:5)
  2 elf zombies (Depths:4)
  2 water nymphs
  A fire giant skeleton (Depths:2)
  A drowned soul (Shoals:5)
  2 stone giant skeletons
  12 vault sentinels
  17 sirens
  12 spiny frogs
  13 hornets
  3 centaur zombies
  21 orange demons
  6 torpor snails
  A guardian serpent (D:14)
  19 smoke demons
  3 spriggan zombies
  A queen ant (Lair:4)
  An orange crystal statue (Depths:2)
  5 hellions
  7 komodo dragons
  4 eyes of devastation
  8 tormentors
  2 fire drakes
  2 storm dragon simulacra
  A komodo dragon (shapeshifter) (Depths:3)
  19 freezing wraiths
  A fire drake (shapeshifter) (D:14)
  4 efreet
  46 guardian mummies
  2 harpy zombies
  7 kobold demonologists
  57 yaktaurs
  11 demonic crawlers
  A polar bear (shapeshifter) (Depths:3)
  4 polar bears
  3 hydra zombies
  12 red devils
  9 trolls
  23 hellwings
  A silent spectre (Tar:7)
  4 tengu conjurers
  37 merfolk
  A yaktaur skeleton (Vaults:1)
  A spriggan druid (Lair:8)
  A queen bee (shapeshifter) (Vaults:4)
  4 wind drakes
  8 deep elf priests
  2 two-headed ogres (shapeshifter)
  17 blue devils
  2 elves (shapeshifter)
  5 blink frogs
  A harpy skeleton (Tomb:1)
  36 jumping spiders
  A wind drake (shapeshifter) (Vaults:1)
  2 ettin zombies (Tar:6)
  33 deep elf magi
  19 shadows
  A hornet zombie (D:14)
  6 basilisks
  9 boulder beetles
  17 ushabtiu
  60 slime creatures
  2 fire dragon zombies (Dis:7)
  14 snapping turtles
  26 two-headed ogres
  A raven (Depths:2)
  A trapdoor spider zombie (D:10)
  86 flying skulls
  A fire dragon skeleton (Tar:2)
  23 spriggans
  30 trapdoor spiders
  An alligator skeleton (Hell)
  A trapdoor spider (shapeshifter) (D:15)
  69 redbacks
  21 water elementals
  5 air elementals
  A spriggan (shapeshifter) (Vaults:2)
  31 tarantellas
  12 ynoxinuls (Pan)
  A tarantella (shapeshifter) (Depths:3)
  Eustachio (D:6)
  4 hogs (Shoals:3)
  55 yaks
  13 wraiths
  6 vampires
  35 deep elf fighters
  6 golden eyes
  A fire elemental (Hell)
  Grum (D:8)
  A yaktaur simulacrum (Vaults:1)
  2 hungry ghosts
  A human (shapeshifter) (Vaults:5)
  10 wargs
  25 neqoxecs (Pan)
  19 vampire mosquitoes
  An ogre zombie (Vaults:1)
  A hydra simulacrum (Tomb:3)
  Edmund (D:8)
  Menkaure (D:7)
  7 chaos spawn
  24 wolves
  2 insubstantial wisps (Lair:5)
  7 small abominations
  2 spiny frog zombies (Hell)
  21 hippogriffs
  12 soldier ants
  17 water moccasins
  4 mottled dragons
  9 sky beasts
  7 human zombies
  2 ettin simulacra
  A spiny frog skeleton (Hell)
  17 hell hounds
  16 wasps
  14 porcupines
  A manticore zombie (Dis:2)
  51 orc warriors
  11 necrophages
  32 spiders
  5 black bears
  18 boggarts
  4 ice beasts
  4 eyes of draining
  4 phantoms
  14 crocodiles
  2 black mamba simulacra (Tomb:3)
  A boring beetle (Spider:4)
  53 ogres
  A snapping turtle skeleton (Tar:3)
  2 human skeletons
  A manticore skeleton (Tar:7)
  3 wandering mushrooms
  A boring beetle (shapeshifter) (Vaults:4)
  3 brain worms (Pan)
  21 centaurs
  24 giant frogs
  2 lost souls (Elf:3)
  9 big kobolds
  A hell hound zombie (Hell)
  A wyvern zombie (D:8)
  11 scorpions
  A spectral felid (Crypt:1)
  12 killer bees
  17 wights
  7 crimson imps
  A goliath beetle (D:8)
  2 electric eels
  A wolf skeleton (Crypt:2)
  A giant frog zombie (D:8)
  A wasp zombie (Crypt:1)
  11 hounds
  27 jellies
  18 orc priests
  A two-headed ogre zombie (D:14)
  7 iguanas
  7 centaur skeletons
  21 hell rats
  36 orc wizards
  11 iron imps
  45 worker ants
  12 sheep
  A crocodile zombie (Crypt:2)
  A felid zombie (Crypt:1)
  2 tengu zombies
  A naga zombie (Tar:1)
  A hound skeleton (D:8)
  48 mummies
  19 adders
  An orc zombie (Orc:4)
  53 river rats
  4 giant mites
  11 shadow imps
  A white imp (Depths:2)
  A giant eyeball (Pan)
  13 ufetubi
  2 worms
  5 adder skeletons
  3 giant geckos
  An ooze (Lair:7)
  198 orcs
  4 ball pythons
  A bat skeleton (D:4)
  8 giant cockroaches
  A gnoll zombie (Crypt:2)
  19 hobgoblins
  17 jackals
  16 quokkas
  12 bats
  A giant gecko skeleton (D:8)
  2 giant newts
  A giant spore (D:14)
  26 goblins
  33 kobolds
  A quokka zombie (D:5)
  18 rats
  10 ballistomycetes (D:14)
  A butterfly (Lair:4)
  3 crawling corpses (Elf:3)
  A grand avatar (Pan)
  4 tentacles (Shoals:3)
3761 creatures vanquished.

Vanquished Creatures (collateral kills)
  An emperor scorpion (Spider:5)
  A merfolk avatar (Shoals:5)
  An orc high priest (Orc:4)
  2 ugly things
  A yaktaur (D:15)
  A water elemental (Shoals:3)
  A jumping spider (Spider:5)
  A golden eye (Pan)
  2 ogres (D:4)
  A scorpion (D:5)
  An orc priest (D:3)
  A worker ant (D:4)
  Ijyb (D:2)
  2 adders
  A giant mite (D:1)
  2 ufetubi (Pan)
  A worm (D:4)
  5 orcs
  3 bats
  A bat skeleton (D:4)
  A giant cockroach (D:3)
  3 giant newts (D:1)
  A goblin (D:1)
  2 kobolds (D:1)
  A rat (D:1)
38 creatures vanquished.

Vanquished Creatures (others)
  An eldritch tentacle (Pan)
  An ancient champion (Tomb:2)
  An angel (Pan)
  A blizzard demon (Pan)
  A deep elf high priest (Depths:3)
  An ogre mage (Vaults:2)
  32 death scarabs (Tomb:2)
  A large abomination (Pan)
  A griffon (Shoals:4)
  4 drowned souls (Shoals:5)
  A hellion (Tar:7)
  A fire drake (Volcano)
  5 water elementals
  A jumping spider (Spider:2)
  2 fire elementals
  A two-headed ogre (Volcano)
  A redback (Pan)
  A human (Shoals:3)
  A spider (Pan)
  A hell hound (Dis:7)
  9 lost souls
  A giant frog (D:15)
  A centaur (Volcano)
  5 hounds
  An orc wizard (D:6)
  4 mummies (Tomb:2)
  2 ufetubi (Pan)
  An orc (Orc:4)
  A bat (D:1)
  A giant spore (D:14)
  A quokka (D:1)
  2 rats (D:1)
  A ballistomycete (D:14)
  A crawling corpse (Elf:3)
  76 eldritch tentacle segments (Pan)
  10 fungi
  13 plants
  6 tentacles (Shoals:3)
  99 tentacle segments (Shoals:3)
294 creatures vanquished.

Grand Total: 4093 creatures vanquished

Notes
Turn   | Place    | Note
--------------------------------------------------------------
     0 | D:1      | Tolias, the Ogre Summoner, began the quest for the Orb.
     0 | D:1      | Reached XP level 1. HP: 16/16 MP: 3/3
     0 | D:1      | POUTANAS GIE THEE
    92 | D:1      | Found a glowing golden altar of the Shining One.
   109 | D:1      | Reached skill level 1 in Maces & Flails
   141 | D:1      | Became a worshipper of the Shining One
   287 | D:1      | Reached XP level 2. HP: 26/26 MP: 5/5
   651 | D:1      | You fall through a shaft!
   651 | D:2      | Noticed Ijyb
   848 | D:1      | Reached skill level 3 in Maces & Flails
   889 | D:1      | Reached XP level 3. HP: 32/32 MP: 3/6
  1019 | D:1      | Learned a level 3 spell: Call Canine Familiar
  1031 | D:2      | Found a snail-covered altar of Cheibriados.
  1031 | D:2      | Noticed Sigmund
  1150 | D:2      | Killed Ijyb
  1460 | D:2      | Reached skill level 4 in Maces & Flails
  1544 | D:2      | Found a deep blue altar of Sif Muna.
  2167 | D:3      | Reached XP level 4. HP: 36/40 MP: 8/8
  2473 | D:3      | Found a sparkling altar of Nemelex Xobeh.
  2474 | D:3      | Found a radiant altar of Vehumet.
  2677 | D:3      | Reached skill level 1 in Evocations
  3322 | D:4      | Reached skill level 5 in Maces & Flails
  3454 | D:4      | Reached XP level 5. HP: 18/46 MP: 5/9
  4028 | D:4      | Noticed an ogre
  4194 | D:4      | Killed an ogre
  4194 | D:4      | Reached XP level 6. HP: 54/54 MP: 7/11
  4218 | D:4      | Noticed an ogre
  4242 | D:4      | Killed an ogre
  4705 | D:5      | Entered Level 5 of the Dungeon
  5061 | D:4      | Noticed an ogre
  5077 | D:4      | Killed an ogre
  5077 | D:4      | Reached skill level 6 in Maces & Flails
  5230 | D:5      | Reached XP level 7. HP: 61/61 MP: 12/12
  5321 | D:5      | Reached skill level 7 in Maces & Flails
  5760 | D:5      | Acquired the Shining One's first power
  5809 | D:5      | Found a staircase to the Ecumenical Temple.
  5965 | D:5      | Reached skill level 1 in Fighting
  6517 | D:5      | Reached skill level 8 in Maces & Flails
  6695 | D:5      | Found Apsozoz's Magic Scroll Boutique.
  6765 | D:5      | Reached XP level 8. HP: 44/79 MP: 14/14
  7228 | D:5      | Found a white marble altar of Elyvilon.
  7340 | D:5      | Reached skill level 5 in Fighting
  7340 | D:5      | Reached skill level 9 in Maces & Flails
  7529 | D:6      | Found an opulent altar of Gozag.
  7914 | D:6      | Reached skill level 5 in Throwing
  7930 | D:6      | Noticed Eustachio
  7947 | D:6      | Killed Eustachio
  8245 | D:6      | Found a glowing silver altar of Zin.
  8898 | D:6      | Reached XP level 9. HP: 88/92 MP: 15/15
  9010 | D:6      | Reached skill level 10 in Maces & Flails
  9147 | D:6      | Found a sacrificial altar of Ru.
  9425 | D:7      | Acquired the Shining One's second power
  9507 | D:7      | Noticed Menkaure
  9511 | D:7      | Killed Menkaure
  9918 | D:7      | Found a stormy altar of Qazlal.
  9929 | D:7      | Found a bloodstained altar of Trog.
 10068 | D:7      | Found a bloodstained altar of Trog.
 10670 | D:8      | Found a shimmering altar of Xom.
 10677 | D:8      | Noticed Edmund
 10934 | D:8      | Reached skill level 11 in Maces & Flails
 11363 | D:8      | Killed Edmund
 11682 | D:8      | Reached XP level 10. HP: 93/107 MP: 17/17
 12196 | D:8      | Noticed Grum
 12645 | D:8      | Killed Grum
 12645 | D:8      | Reached skill level 12 in Maces & Flails
 13389 | D:9      | Noticed Gastronok
 13420 | D:9      | Killed Gastronok
 13966 | D:9      | Found a shattered altar of Ashenzari.
 14048 | D:9      | Reached skill level 5 in Dodging
 14162 | D:9      | Reached XP level 11. HP: 115/115 MP: 18/18
 14429 | D:10     | Entered Level 10 of the Dungeon
 14445 | D:10     | Reached skill level 13 in Maces & Flails
 14643 | D:10     | Found a staircase to the Orcish Mines.
 14764 | D:10     | Reached skill level 10 in Throwing
 15190 | D:10     | Found a staircase to the Lair.
 15543 | D:10     | Got a clouded ruby amulet
 15545 | D:10     | Identified the amulet "Shrec" {Ward +Fly rN+} (You found it on level 10 of the Dungeon)
 15764 | D:10     | Acquired the Shining One's third power
 15823 | D:11     | Noticed Nergalle
 15837 | D:11     | Killed Nergalle
 15879 | D:11     | Found Sudiwk's Armour Boutique.
 15888 | D:11     | Bought a +2 robe of magic resistance for 247 gold pieces
 16125 | D:11     | Noticed a hill giant
 16143 | D:11     | Killed a hill giant
 17046 | Orc:1    | Entered Level 1 of the Orcish Mines
 17094 | Orc:1    | Found Nagum's Antique Armour Shoppe.
 17297 | Orc:1    | Found a bloodstained altar of Trog.
 17645 | Orc:2    | Reached skill level 14 in Maces & Flails
 18012 | Orc:2    | Noticed Josephine
 18034 | Orc:2    | Killed Josephine
 18034 | Orc:2    | Reached skill level 10 in Fighting
 18034 | Orc:2    | Reached XP level 12. HP: 126/126 MP: 17/19
 18623 | Orc:2    | Reached skill level 1 in Invocations
 18796 | Orc:1    | Acquired the Shining One's fourth power
 19304 | Orc:3    | Noticed a stone giant
 19589 | Lair:1   | Entered Level 1 of the Lair of Beasts
 20499 | Lair:2   | Noticed a seven-headed hydra
 20509 | Lair:2   | Killed a seven-headed hydra
 20509 | Lair:2   | Reached skill level 15 in Maces & Flails
 21426 | Lair:3   | Noticed a five-headed hydra
 21432 | Lair:3   | Killed a five-headed hydra
 22071 | Lair:3   | Noticed a seven-headed hydra
 22092 | Lair:3   | Killed a seven-headed hydra
 22301 | Lair:3   | Noticed a four-headed hydra
 22314 | Lair:3   | Killed a four-headed hydra
 22314 | Lair:3   | Reached XP level 13. HP: 66/133 MP: 10/20
 22813 | Lair:3   | Reached skill level 16 in Maces & Flails
 23193 | Lair:3   | Found a hole to the Spider Nest.
 23580 | Lair:4   | Reached skill level 5 in Evocations
 24657 | Lair:4   | Got a crystal flail
 24658 | Lair:4   | Identified the +6 flail of the Dark Horse {crush, -Cast rF+ rN++} (You found it on level 4 of the Lair of Beasts)
 25834 | Lair:5   | Noticed Maud
 25843 | Lair:5   | Killed Maud
 25946 | Lair:5   | Noticed Erica
 25949 | Lair:5   | Killed Erica
 25949 | Lair:5   | Reached skill level 17 in Maces & Flails
 26224 | Lair:6   | Found a staircase to the Shoals.
 26530 | Lair:6   | Reached XP level 14. HP: 120/143 MP: 20/24
 27258 | Lair:7   | Found a dark tunnel.
 27263 | Volcano  | Entered a volcano
 27852 | Lair:7   | Found a staircase to the Slime Pits.
 28009 | Lair:7   | Identified the Compendium of Torrid Good Luck
 28556 | Lair:8   | Entered Level 8 of the Lair of Beasts
 28650 | Lair:8   | Paralysed by a wasp for 1 turns
 29854 | Lair:7   | Reached skill level 18 in Maces & Flails
 30023 | Lair:8   | Reached skill level 15 in Throwing
 30497 | Lair:8   | Reached skill level 1 in Armour
 31683 | D:12     | Reached skill level 5 in Armour
 31683 | D:12     | Reached XP level 15. HP: 137/149 MP: 24/27
 33210 | Orc:3    | Killed a stone giant
 33666 | Orc:4    | Entered Level 4 of the Orcish Mines
 33666 | Orc:4    | Found a staircase to the Elven Halls.
 33758 | Orc:4    | Found Ijaelaup's Book Shop.
 33759 | Orc:4    | Found Otaef's General Store.
 33772 | Orc:4    | Found Bruarieb's Book Shoppe.
 33774 | Orc:4    | Found Qaba's Antique Armour Emporium.
 34104 | Orc:4    | Found Blegaris' Antique Weapon Boutique.
 34130 | Orc:4    | Found a deep blue altar of Sif Muna.
 36062 | D:14     | Got a fine silver ring
 36067 | D:14     | Identified the ring of Opetulau {Ice Str-2 Slay+5} (You found it on level 14 of the Dungeon)
 36181 | D:14     | Found a gate to the Vaults.
 36467 | D:15     | Entered Level 15 of the Dungeon
 36776 | D:15     | Found a staircase to the Depths.
 37020 | D:15     | Reached skill level 10 in Armour
 37943 | Spider:1 | Entered Level 1 of the Spider Nest
 38065 | Spider:1 | Reached XP level 16. HP: 101/158 MP: 21/28
 38517 | Spider:1 | Noticed Rupert
 38621 | Spider:1 | Killed Rupert
 39133 | Spider:2 | Reached skill level 19 in Maces & Flails
 41225 | Spider:4 | Reached skill level 20 in Maces & Flails
 41911 | Spider:5 | Entered Level 5 of the Spider Nest
 42103 | Spider:5 | Noticed Agnes
 42114 | Spider:5 | Killed Agnes
 42378 | Spider:5 | Reached XP level 17. HP: 149/172 MP: 28/28
 42937 | Spider:5 | Reached skill level 21 in Maces & Flails
 43281 | Spider:5 | Noticed Mara
 43294 | Spider:5 | Noticed Tolias' illusion
 43833 | D:5      | Bought a scroll of teleportation for 36 gold pieces
 43833 | D:5      | Bought a scroll of teleportation for 36 gold pieces
 43833 | D:5      | Bought a scroll of recharging for 114 gold pieces
 43833 | D:5      | Bought a scroll of recharging for 114 gold pieces
 43833 | D:5      | Bought a scroll of fog for 24 gold pieces
 44060 | Shoals:1 | Entered Level 1 of the Shoals
 45115 | Shoals:2 | Found Kudghaujau's Assorted Antiques.
 45127 | Shoals:2 | Bought a bronze ring for 175 gold pieces
 45136 | Shoals:2 | Bought a twisted ruby amulet for 175 gold pieces
 45708 | Shoals:3 | Noticed Polyphemus
 46078 | Shoals:3 | Killed Polyphemus
 46186 | Shoals:3 | Reached skill level 15 in Fighting
 46295 | Shoals:3 | Reached skill level 22 in Maces & Flails
 46398 | Shoals:3 | Noticed Kirke
 46418 | Shoals:3 | Killed Kirke
 46460 | Shoals:3 | Noticed Snorg
 46475 | Shoals:3 | Killed Snorg
 46834 | Shoals:4 | Noticed Nikola
 46837 | Shoals:4 | Was placed under penance by the Shining One
 47119 | Shoals:4 | Noticed Donald
 47120 | Shoals:4 | Noticed Jorgrun
 47140 | Shoals:3 | Killed Donald
 47140 | Shoals:3 | Reached XP level 18. HP: 158/193 MP: 29/29
 47173 | Shoals:3 | Killed Jorgrun
 48185 | Spider:5 | Paralysed by a hornet for 4 turns
 48905 | Spider:5 | Killed Mara
 48905 | Spider:5 | Reached skill level 10 in Dodging
 49132 | Spider:5 | Got a gossamer rune of Zot
 49486 | Shoals:4 | Killed Nikola
 50390 | Shoals:5 | Entered Level 5 of the Shoals
 50449 | Shoals:5 | Noticed Ilsuiw
 50460 | Shoals:5 | Found Ekej's Gadget Shoppe.
 51043 | Shoals:5 | Killed Ilsuiw
 52459 | Shoals:5 | Identified Hyav's Incunabulum of Companions (You found it on level 5 of the Shoals)
 52621 | Shoals:5 | Was forgiven by the Shining One
 53372 | Shoals:5 | Got a barnacled rune of Zot
 53773 | Vaults:1 | Entered Level 1 of the Vaults
 53808 | Vaults:1 | Reached XP level 19. HP: 131/201 MP: 30/30
 55711 | Vaults:2 | Found Roqopes' Antique Armour Shoppe.
 56037 | Vaults:2 | Reached skill level 5 in Invocations
 56818 | Vaults:2 | Gained mutation: Scrolls take you a little longer to read. [a neqoxec]
 57508 | Vaults:3 | Reached XP level 20. HP: 217/217 MP: 31/31
 57542 | Vaults:3 | Found a staircase to the Crypt.
 58294 | Vaults:3 | Found Gozag's Antique Armour Shop.
 58296 | Vaults:3 | Found an opulent altar of Gozag.
 58299 | Vaults:3 | Found Gozag's Antique Armour Boutique.
 58830 | Vaults:3 | Found Gozag's Antique Weapon Boutique.
 58982 | Vaults:3 | Bought a runed cloak for 450 gold pieces
 58997 | Vaults:3 | Bought a runed cloak for 450 gold pieces
 59554 | Vaults:4 | Found Cuovugiv's Food Shoppe.
 59658 | Vaults:4 | Found a flickering gateway to a bazaar.
 59666 | Bazaar   | Entered a bazaar
 59666 | Bazaar   | Found Sche Digi's Food Shoppe.
 59666 | Bazaar   | Found Vyupp's Gadget Emporium.
 59668 | Bazaar   | Found Qitamol's Antique Weapon Emporium.
 59690 | Bazaar   | Bought a sack of spiders for 220 gold pieces
 59967 | Vaults:4 | Noticed Boris
 59977 | Vaults:4 | Killed Boris
 60905 | Vaults:4 | Reached XP level 21. HP: 213/230 MP: 31/31
 61597 | Depths:1 | Entered Level 1 of the Depths
 62148 | Depths:1 | Found a gateway to Hell.
 62697 | Orc:4    | Bought a manual of Dodging for 1435 gold pieces
 63376 | Depths:2 | Reached skill level 15 in Dodging
 64199 | Depths:2 | Found a one-way gate leading to the halls of Pandemonium.
 64262 | Depths:2 | Found Soffas' General Store.
 64267 | Depths:2 | Bought a scroll of acquirement for 520 gold pieces
 64278 | Depths:2 | Bought a potion of heal wounds for 50 gold pieces
 64533 | Depths:2 | Found a runed door.
 65050 | Depths:2 | Found a runed door.
 65054 | Depths:2 | Noticed a caustic shrike
 65093 | Depths:2 | Killed a caustic shrike
 65100 | Depths:2 | Reached XP level 22. HP: 136/239 MP: 32/32
 65507 | Depths:2 | Noticed a caustic shrike
 65514 | Depths:2 | Killed a caustic shrike
 66030 | Depths:2 | Got a scintillating lapis lazuli ring
 66037 | Depths:2 | Identified the ring "Vaow Yni" {Contam rC+ Str+4 Int-2 Dex+5 Stlth-} (You took it off a spriggan berserker on level 2 of the Depths)
 66695 | Depths:3 | Found Nyhiurch's Food Shoppe.
 66945 | Depths:3 | rip gloves
 67380 | Depths:3 | Found Khoqiomu's Antique Weapon Emporium.
 67717 | Depths:3 | Found an iron altar of Okawaru.
 68048 | Depths:3 | Noticed the Enchantress
 68077 | Depths:3 | Killed the Enchantress
 68077 | Depths:3 | Reached XP level 23. HP: 180/265 MP: 32/32
 68196 | Depths:3 | Got a faerie dragon armour
 68199 | Depths:3 | Identified the +5 faerie dragon armour {+Fly rF+ MP+9 Str-5} (You took it off the Enchantress on level 3 of the Depths)
 68719 | Depths:3 | Identified the Collected Works on Virous Transformation (You found it on level 3 of the Depths)
 68841 | Depths:4 | Reached skill level 23 in Fighting
 69773 | Depths:4 | Found a one-way gate to the infinite horrors of the Abyss.
 70095 | Depths:4 | Noticed a greater mummy
 70126 | Depths:4 | Killed a greater mummy
 70126 | Depths:4 | Reached skill level 15 in Armour
 70238 | Depths:5 | Entered Level 5 of the Depths
 70441 | Depths:5 | Found a gateway to a ziggurat.
 70976 | Depths:5 | Found a gate to the Realm of Zot.
 72116 | Orc:4    | Bought a book of the Sky for 1040 gold pieces
 72122 | Orc:4    | Learned a level 3 spell: Flight
 72129 | Orc:4    | Learned a level 6 spell: Deflect Missiles
 72160 | Elf:1    | Entered Level 1 of the Elven Halls
 72223 | Elf:1    | Reached skill level 1 in Charms
 72223 | Elf:1    | Reached skill level 1 in Air Magic
 72237 | Elf:1    | Identified the Papyrus of Aerial Conjuration (You found it on level 1 of the Elven Halls)
 72264 | Elf:1    | Identified a +1 rod of inaccuracy (10/10) {!a} (You took it off a deep elf high priest on level 5 of the Depths)
 72517 | Elf:1    | Noticed Frances
 72527 | Elf:1    | Killed Frances
 72527 | Elf:1    | Reached XP level 24. HP: 279/279 MP: 33/33
 73091 | Elf:2    | Lost mutation: Scrolls take you a little longer to read. [potion of cure mutation]
 73114 | Elf:2    | Found Eruapt's Antique Weapon Emporium.
 73413 | Elf:2    | Found a runed gate.
 73414 | Elf:2    | Found a runed gate.
 73414 | Elf:2    | Found a runed gate.
 73442 | Elf:3    | Entered Level 3 of the Elven Halls
 74107 | Elf:3    | Reached skill level 5 in Charms
 74107 | Elf:3    | Reached skill level 5 in Air Magic
 74631 | Elf:3    | Got a glittering lapis lazuli ring
 74632 | Elf:3    | Identified the ring of Eternal Harmony {rPois rF+ rC- Str-4 SInv Stlth+} (You took it off a deep elf sorcerer on level 3 of the Elven Halls)
 74673 | Elf:3    | Gained mutation: You are resistant to electric shocks. [potion of beneficial mutation]
 74833 | Elf:3    | Identified a +4 rod of inaccuracy (10/10) {!a} (You took it off a deep elf demonologist on level 3 of the Elven Halls)
 74868 | Elf:3    | Got a transparent lapis lazuli ring
 74869 | Elf:3    | Identified the ring of the Raven {+Fly rF+ Int-5 Stlth-} (You found it on level 3 of the Elven Halls)
 74886 | Elf:3    | Learned a level 6 spell: Haste
 74891 | Elf:3    | Identified Meull's Reference Book on Hexes (You found it on level 3 of the Elven Halls)
 74897 | Elf:3    | Identified the Tome of Proximity
 74905 | Elf:3    | Learned a level 1 spell: Apportation
 75159 | Elf:3    | Found Gudghoal's General Store.
 75766 | Vaults:5 | Entered Level 5 of the Vaults
 76241 | Vaults:5 | Reached XP level 25. HP: 277/287 MP: 33/33
 76889 | Vaults:5 | Identified the Volume of Curses (You found it on level 5 of the Vaults)
 77633 | Vaults:5 | Found Shrieta's Distillery.
 77643 | Vaults:5 | Bought a potion of heal wounds for 120 gold pieces
 77643 | Vaults:5 | Bought a potion of curing for 72 gold pieces
 77643 | Vaults:5 | Bought a potion of curing for 72 gold pieces
 77643 | Vaults:5 | Bought a potion of magic for 192 gold pieces
 77643 | Vaults:5 | Bought a potion of agility for 96 gold pieces
 77643 | Vaults:5 | Bought a potion of cure mutation for 840 gold pieces
 77919 | Vaults:5 | Found Teziz's Distillery.
 77919 | Vaults:5 | Found Khar's Magic Scroll Boutique.
 77923 | Vaults:5 | Bought 2 potions of heal wounds for 140 gold pieces
 77923 | Vaults:5 | Bought a potion of beneficial mutation for 490 gold pieces
 77927 | Vaults:5 | Gained mutation: You have a pair of small horns on your head. [potion of beneficial mutation]
 77943 | Vaults:5 | Bought a scroll of enchant armour for 180 gold pieces
 77943 | Vaults:5 | Bought a scroll of enchant weapon for 180 gold pieces
 77954 | Vaults:5 | Bought a scroll of magic mapping for 84 gold pieces
 78516 | Vaults:5 | Reached skill level 10 in Charms
 78589 | Vaults:5 | Reached skill level 10 in Air Magic
 78591 | Vaults:5 | Got a silver rune of Zot
 78595 | Vaults:5 | Got an encrusted bardiche
 78596 | Vaults:5 | Identified the +11 bardiche of Eschept {antimagic, +Inv rElec rN+ SInv Stlth-} (You found it on level 5 of the Vaults)
 79323 | Vaults:5 | Bought a potion of might for 56 gold pieces
 79323 | Vaults:5 | Bought a potion of cancellation for 112 gold pieces
 79323 | Vaults:5 | Bought a potion of resistance for 140 gold pieces
 79323 | Vaults:5 | Bought a potion of curing for 42 gold pieces
 79323 | Vaults:5 | Bought a potion of curing for 42 gold pieces
 79323 | Vaults:5 | Bought a potion of cure mutation for 490 gold pieces
 79323 | Vaults:5 | Bought a potion of restore abilities for 70 gold pieces
 79798 | Slime:1  | Entered Level 1 of the Pits of Slime
 80055 | Slime:5  | Noticed Dissolution
 80073 | Slime:4  | Killed Dissolution
 80073 | Slime:4  | Reached XP level 26. HP: 197/297 MP: 2/34
 80185 | Slime:6  | Entered Level 6 of the Pits of Slime
 80342 | Slime:6  | Noticed the royal jelly
 80379 | Slime:6  | Killed the royal jelly
 80533 | Slime:6  | Got a slimy rune of Zot
 80592 | Slime:6  | Got a glittering golden ring
 80594 | Slime:6  | Identified the ring "Xipinool" {+Fly rC- AC+5 Str+2} (You acquired it on level 6 of the Pits of Slime)
 80656 | Slime:6  | Identified the Reference Book on Conjuration (You found it on level 6 of the Pits of Slime)
 81265 | Temple   | Entered the Ecumenical Temple
 81415 | D:1      | Identified a +9 giant spiked club of holy wrath (a +7 giant spiked club of crushing blessed by the Shining One)
 82125 | Crypt:1  | Entered Level 1 of the Crypt
 82565 | Crypt:3  | Entered Level 3 of the Crypt
 82666 | Crypt:3  | Found a basalt altar of Yredelemnul.
 82695 | Crypt:3  | Reached skill level 10 in Invocations
 82945 | Crypt:3  | Reached skill level 1 in Translocations
 83137 | Crypt:3  | Found a staircase to the Tomb.
 83145 | Crypt:3  | Noticed an ancient lich
 83149 | Crypt:3  | Killed an ancient lich
 83305 | Crypt:3  | Reached XP level 27. HP: 299/299 MP: 36/36
 83562 | Tomb:1   | Entered Level 1 of the Tomb of the Ancients
 83909 | Tomb:1   | Noticed Frederick
 83917 | Tomb:1   | Killed Frederick
 85817 | Tomb:3   | Entered Level 3 of the Tomb of the Ancients
 85913 | Tomb:3   | Reached skill level 15 in Charms
 87026 | Tomb:3   | Noticed an ancient lich
 87320 | Tomb:3   | Killed an ancient lich
 87322 | Tomb:3   | Noticed an ancient lich
 87332 | Tomb:3   | Killed an ancient lich
 87457 | Tomb:3   | Got a steaming zirconium amulet
 87458 | Tomb:3   | Identified the amulet "Leepifup" {Gourm Contam rPois Dex+3 Stlth+} (You found it on level 3 of the Tomb of the Ancients)
 87461 | Tomb:3   | Got a slimy garnet amulet
 87462 | Tomb:3   | Identified an amulet "Plaemigg" {+Rage rF+ MR+ Int+8} (You found it on level 3 of the Tomb of the Ancients)
 87524 | Tomb:3   | Got a brightly glowing cloak
 87525 | Tomb:3   | Identified the cursed -3 cloak of the Dozen Curses {rPois MR+ rCorr Dex-2 Stlth+} (You found it on level 3 of the Tomb of the Ancients)
 87540 | Tomb:3   | Identified Sif Muna's Incunabulum of the Hurtful Arsonist
 87624 | Tomb:3   | Got a golden rune of Zot
 87688 | Tomb:3   | Learned a level 3 spell: Spectral Weapon
 88373 | Hell     | Entered the Vestibule of Hell
 88373 | Hell     | Noticed Geryon
 88384 | Hell     | Killed Geryon
 88395 | Hell     | Reached skill level 5 in Spellcasting
 88619 | Hell     | Found a gateway to the decaying netherworld of Tartarus.
 88635 | Tar:1    | Entered Level 1 of Tartarus
 89319 | Tar:6    | Reached skill level 5 in Translocations
 89343 | Tar:7    | Entered Level 7 of Tartarus
 89516 | Tar:7    | Reached skill level 10 in Evocations
 89586 | Tar:7    | Noticed Ereshkigal
 89623 | Tar:7    | Killed Ereshkigal
 89647 | Tar:7    | Got a bone rune of Zot
 89810 | Hell     | Found a gateway to the Iron City of Dis.
 89838 | Dis:1    | Entered Level 1 of the Iron City of Dis
 90333 | Dis:7    | Entered Level 7 of the Iron City of Dis
 90711 | Dis:7    | Lost mutation: You have a pair of small horns on your head. [a cacodemon]
 90817 | Dis:7    | Gained mutation: Your magical capacity is low (-10% MP). [a cacodemon]
 90825 | Dis:7    | Gained mutation: Space occasionally distorts in your vicinity. [a cacodemon]
 90831 | Dis:7    | Gained mutation: You heal slowly when monsters are visible. [a cacodemon]
 90974 | Dis:7    | Noticed Dispater
 91145 | Dis:7    | Reached skill level 15 in Invocations
 91284 | Dis:7    | Killed Dispater
 91319 | Dis:7    | Got an iron rune of Zot
 91706 | Pan      | Entered Pandemonium
 91752 | Pan      | Reached skill level 10 in Translocations
 91823 | Pan      | Learned a level 7 spell: Controlled Blink
 91862 | Pan      | Found an exit through the horrors of the Abyss.
 91874 | Pan      | Noticed Luacupnu Ruo the pandemonium lord
 91918 | Pan      | Killed Luacupnu Ruo the pandemonium lord
 92005 | Pan      | Got a demonic rune of Zot
 92008 | Pan      | Entered the realm of Mnoleg.
 92141 | Pan      | Gained mutation: You are clumsy. (Dex -2) [a shining eye]
 92143 | Pan      | Gained mutation: You tend to lose your temper in combat. [a shining eye]
 92169 | Pan      | Noticed Mnoleg
 92169 | Pan      | Paralysed by a giant eyeball for 2 turns
 92187 | Pan      | Gained mutation: Scrolls take you a little longer to read. [a cacodemon]
 92191 | Pan      | Gained mutation: You often lose your temper in combat. [a cacodemon]
 92195 | Pan      | Gained mutation: You are partially covered in iridescent scales (AC +4). [a cacodemon]
 92297 | Pan      | Killed Mnoleg
 92322 | Pan      | Got a glowing rune of Zot
 92399 | Pan      | Lost mutation: You often lose your temper in combat. [potion of cure mutation]
 92399 | Pan      | Lost mutation: You heal slowly when monsters are visible. [potion of cure mutation]
 92399 | Pan      | Lost mutation: Space occasionally distorts in your vicinity. [potion of cure mutation]
 92399 | Pan      | Lost mutation: Scrolls take you a little longer to read. [potion of cure mutation]
 92399 | Pan      | Lost mutation: You tend to lose your temper in combat. [potion of cure mutation]
 92399 | Pan      | Lost mutation: You are clumsy. (Dex -2) [potion of cure mutation]
 92483 | Pan      | Found an exit through the horrors of the Abyss.
 92604 | Pan      | Noticed Mennas
 92605 | Pan      | Gained mutation: You expend magic power (3 MP) to slightly strengthen your wands. [a neqoxec]
 92699 | Pan      | Gained mutation: You occasionally shout uncontrollably at your foes. [a neqoxec]
 93167 | Pan      | Gained mutation: You expend magic power (6 MP) to strengthen your wands. [a neqoxec]
 93168 | Pan      | Gained mutation: Armour fits poorly on your strangely shaped body. [a neqoxec]
 93222 | Pan      | Found an exit through the horrors of the Abyss.
 93269 | Pan      | Learned a level 4 spell: Control Teleport
 93515 | Pan      | Found an exit through the horrors of the Abyss.
 93825 | Pan      | Noticed Ocwu the pandemonium lord
 93839 | Pan      | Killed Ocwu the pandemonium lord
 93925 | Pan      | Noticed Broas the pandemonium lord
 94651 | Pan      | Found an exit through the horrors of the Abyss.
 94745 | Pan      | Found an exit through the horrors of the Abyss.
 94756 | Pan      | Paralysed by a giant eyeball for 3 turns
 95191 | Pan      | Got a coiled steel ring
 95192 | Pan      | Identified the ring "Sosa" {Wiz Str+3} (You acquired it in Pandemonium)
 95193 | Pan      | Found an exit through the horrors of the Abyss.
 95202 | Pan      | Gained mutation: You are clumsy. (Dex -2) [a neqoxec]
 95204 | Pan      | Gained mutation: You are dopey. (Int -2) [a neqoxec]
 95205 | Pan      | Gained mutation: You are frail (-10% HP). [a neqoxec]
 95868 | Pan      | Gained mutation: You are very frail (-20% HP). [a neqoxec]
 95920 | Pan      | Noticed Vaidimea the pandemonium lord
 95932 | Pan      | Killed Vaidimea the pandemonium lord
 95968 | Pan      | Found an exit through the horrors of the Abyss.
 95979 | Pan      | Entered the realm of Cerebov.
 96011 | Pan      | Got a fiery rune of Zot
 96013 | Pan      | Noticed Cerebov
 96029 | Pan      | Found an exit through the horrors of the Abyss.
 96200 | Pan      | Noticed Kliuj the pandemonium lord
 96223 | Pan      | Noticed Cerebov
 96223 | Pan      | Killed from afar by Cerebov

Action                   |  1- 3 |  4- 6 |  7- 9 | 10-12 | 13-15 | 16-18 | 19-21 | 22-24 | 25-27 || total
-------------------------+-------+-------+-------+-------+-------+-------+-------+-------+-------++-------
Melee: Whip              |   136 |   152 |       |       |       |       |       |       |       ||   288
       Unarmed           |     4 |       |     4 |       |       |       |       |       |       ||     8
       Mace              |       |    73 |    37 |       |       |       |       |       |       ||   110
       Flail             |       |       |   375 |   288 |    12 |       |       |       |       ||   675
       Dire flail        |       |       |       |   615 |    76 |       |       |       |       ||   691
       Giant spiked club |       |       |       |       |   485 |  1041 |  1292 |  1315 |  2574 ||  6707
       Giant club        |       |       |       |       |   791 |   152 |       |       |       ||   943
Throw: Stone             |       |     8 |     9 |       |       |       |       |       |       ||    17
       Javelin           |       |    10 |    14 |    94 |   139 |   176 |    39 |       |       ||   472
       Tomahawk          |       |       |   100 |   129 |   154 |   245 |     6 |       |       ||   634
       Large rock        |       |       |       |     8 |    37 |    59 |   154 |   295 |   417 ||   970
       Throwing net      |       |       |       |       |     3 |     2 |       |       |       ||     5
 Cast: Summon Small Mamm |    24 |     2 |     1 |       |       |       |       |       |       ||    27
       Call Canine Famil |     5 |    15 |     3 |       |       |       |       |       |       ||    23
       Deflect Missiles  |       |       |       |       |       |       |       |     1 |     6 ||     7
       Apportation       |       |       |       |       |       |       |       |       |    47 ||    47
       Haste             |       |       |       |       |       |       |       |       |    23 ||    23
       Control Teleport  |       |       |       |       |       |       |       |       |     4 ||     4
       Controlled Blink  |       |       |       |       |       |       |       |       |     1 ||     1
       Flight            |       |       |       |       |       |       |       |       |     1 ||     1
Invok: Divine Shield     |       |       |       |       |     5 |     3 |     9 |     6 |     8 ||    31
       Cleansing Flame   |       |       |       |       |       |       |       |       |    44 ||    44
       Summon Divine War |       |       |       |       |       |       |       |       |     2 ||     2
 Abil: Evoke Berserk Rag |       |       |       |       |       |     1 |       |       |       ||     1
       Evoke Teleportati |       |       |       |       |       |       |       |       |    10 ||    10
       Evoke Teleport Co |       |       |       |       |       |       |       |       |     4 ||     4
Evoke: Wand              |       |    10 |    11 |     3 |     6 |    12 |     4 |    11 |     6 ||    63
       Phial of floods   |       |       |       |       |     2 |     3 |       |     1 |     3 ||     9
       Lamp of fire      |       |       |       |       |       |     2 |     1 |     2 |       ||     5
       Fan of gales      |       |       |       |       |       |       |       |       |     1 ||     1
       Rod               |       |       |       |       |       |       |       |       |     3 ||     3
       Sack of spiders   |       |       |       |       |       |       |       |       |     1 ||     1
  Use: Scroll            |     1 |     3 |    14 |    12 |    26 |    24 |     6 |    18 |    39 ||   143
       Potion            |       |       |     1 |       |     1 |     8 |     4 |     6 |    30 ||    50
 Stab: Sleeping          |     1 |       |       |       |       |       |       |       |       ||     1
       Held in net/web   |       |       |       |       |       |     1 |       |       |       ||     1
  Eat: Chunk             |     5 |    11 |    17 |    29 |    32 |    27 |    24 |    20 |     5 ||   170
       Fruit             |       |     1 |     4 |     3 |       |     3 |    13 |     5 |    36 ||    65
       Pizza             |       |       |     1 |     1 |       |       |       |     4 |     3 ||     9
       Beef jerky        |       |       |       |       |     5 |     6 |     1 |     3 |     2 ||    17
       Royal jelly       |       |       |       |       |     1 |     1 |       |       |       ||     2
       Meat ration       |       |       |       |       |     2 |     2 |       |     1 |     1 ||     6
       Bread ration      |       |       |       |       |       |       |       |       |    11 ||    11
